 Dungeon Crawl Stone Soup version 0.31-a0-702-gf82c85558f (webtiles) character file.

Game seed: 2218049736225921636

40 CoinPitGoblin the Grave Robber (level 3, 0/24 HPs)
             Began as a Mummy Necromancer on Sept 8, 2023.
             Slain by an orc
             ... wielding a +0 club
              (3 damage)
             ... on level 2 of the Dungeon.
             The game lasted 00:03:05 (1541 turns).

CoinPitGoblin the Grave Robber (Mummy Necromancer)  Turns: 1541, Time: 00:03:06

Health: 0/24       AC:  2    Str: 11    XL:     3   Next: 30%
Magic:  5/7        EV: 12    Int: 16    God:
Gold:   123        SH:  0    Dex: 12    Spells: 7/8 levels left

rFire   x . .        b - +0 short sword
rCold   + . .        (no shield)
rNeg    + + +        a - +0 robe
rPois   ∞            (no helmet)
rElec   .            (no cloak)
rCorr   .            (no gloves)
SInv    .            (no boots)
Will    .....        (no amulet)
Stlth   ++           (no ring)
HPRegen 0.24/turn    (no ring)
MPRegen 0.10/turn

%: faith
@: no status effects
A: cold resistance 1, negative energy resistance 3, torment resistance 2, heat
vulnerability 1, in touch with death 1, no potions, faith
a: no special abilities


You were on level 2 of the Dungeon.
You visited 1 branch of the dungeon, and saw 2 of its levels.

You collected 123 gold pieces.

Inventory:

Hand Weapons
 b - a +0 short sword (weapon)
Armour
 a - a +0 robe (worn)
Magical Staves
 e - a staff of poison
Scrolls
 c - 2 scrolls of identify
 f - a scroll of enchant armour {unknown}


   Skills:
 + Level 1.6 Dodging
 - Level 1.5 Stealth
 + Level 3.2 Spellcasting
 + Level 4.9 Necromancy


You had 7 spell levels left.
You knew the following spells:

 Your Spells              Type           Power      Damage    Failure   Level
a - Necrotise             Necr           100%       1d9       2%          1

Your spell library contained the following spells:

 Spells                   Type           Power      Damage    Failure   Level
 Vampiric Draining        Necr           27%        2d7       7%          3
 Sandblast                Erth           4%         2d4       19%         1
 Animate Dead             Necr           27%        N/A       24%         4
 Passwall                 Tmut/Erth      1%         N/A       28%         2
 Stone Arrow              Conj/Erth      4%         3d7       50%         3
 Agony                    Necr           27%        N/A       54%         5


Dungeon Overview and Level Annotations

Branches:
Dungeon (2/15)

Altars:


Innate Abilities, Weirdness & Mutations

You are immune to poison.
Your flesh is cold resistant. (rC+)
You are immune to negative energy. (rN+++)
You are immune to unholy pain and torment.
You are vulnerable to heat. (rF-)
You are in touch with the powers of death.
You do not drink.
You have a special connection with the divine. (Faith)


Message History

An adder is nearby!
You feel a surge of power!
The adder writhes in agony.
You feel a surge of power!
The adder writhes in agony!
You kill the adder!
The dead are slithering!
You can't see any susceptible monsters within range! (Use Z to cast anyway.)
You can't see any susceptible monsters within range! (Use Z to cast anyway.)
An orc comes into view. It is wielding a +0 club.
An orc is nearby!
An orc is nearby!
An orc is nearby!
An orc priest and 3 orcs come into view.
Found a leather armour.
You feel a surge of power!
The orc writhes in agony.
An orc comes into view. It is wielding a +0 whip.
The orc shouts! x3
You feel a surge of power!
The orc writhes in agony.
The orc misses you.
Found 31 gold pieces.
The orc closely misses you. x2
You feel a surge of power!
The orc barely resists.
The orc hits you with a +0 club. The orc closely misses you.
Your adder skeleton bites the orc.
The orc dies!
The orc attacks as it pursues you! The orc barely misses you.
The orc hits you with a +0 club.
The orc priest invokes the aid of Beogh against you.
Beogh smites you!
Ouch! That really hurt!
* * * LOW HITPOINT WARNING * * *
The orc hits your adder skeleton with a +0 war axe.
Your adder skeleton closely misses the orc.
Your adder skeleton misses the orc.
The orc attacks as it pursues you! The orc hits you but does no damage.
You can't drink.
As you read the scroll labelled NOISHI VELAESO, it crumbles to dust.
It is a scroll of identify.
d - a scroll of poison The air fills with toxic fumes!
As you read the scroll of poison, it crumbles to dust.
The orc barely misses you. The orc hits you with a +0 club.
You die...

##........#[# #.#
#..~...~.§#§# #.#
$........§§§## #.# #.#
⌠........§§.. #.# #.#
$........§§# #.# #.#
#..~..oZ.§# #.# #.#
#....)o.o##.# #.# #.#
.#########o##.# #.###.##
..§§§§§§§@o##.# #.##...##
(##§##§#####.# #.#......
#.§§...# #.# #........
#§§###.###.## ###......
#§.# #!.....######...#.
##.###.###...........#.
..###.....###.####.####...
................# #.# ###.
.#########.###### #.# #.


You could see 3 orcs.

Vanquished Creatures
  An adder (D:2)
  5 endoplasms (D:1)
  3 hobgoblins
  4 jackals (D:1)
  4 kobolds
  2 ball pythons (D:1)
  2 bats
  4 goblins
  2 rats (D:1)
27 creatures vanquished.

Vanquished Creatures (collateral kills)
  An orc (D:2)
1 creature vanquished.

Grand Total: 28 creatures vanquished

Notes
Turn   | Place    | Note
-------+----------+-------------------------------------------
     0 | D:1      | CoinPitGoblin the Mummy Necromancer began the quest for the
                  | Orb.
     0 | D:1      | Reached XP level 1. HP: 13/13 MP: 4/4
   203 | D:1      | Reached XP level 2. HP: 19/19 MP: 3/5
  1475 | D:2      | Reached XP level 3. HP: 24/24 MP: 5/7
  1541 | D:2      | Slain by an orc

Illustrated notes

Levels and vault maps discovered:
D:1:      dpeg_arrival_brainrot, layout_loops_corners, hangedman_decor_lopped
D:2:      cheibrodos_pilgrimage, layout_loops_ring,
          shapermc_ecumenical_altar_pompeii, roderic_lattice_a

Skill      XL: |  1  2 |
---------------+-------+-----
Spellcasting   | 3 |  3.2
Dodging        | |  1.6
Stealth        | |  1.5
Necromancy     | |  4.9

Action                     || total
---------------------------++-------
  Melee: Unarmed           ||    13
   Cast: Necrotise         ||    41
    Use: Scroll            ||     2
 Armour: Robe              ||    11
  Dodge: Dodged            ||    23

Table legend: (Time is in decaauts)
 A = Elapsed time spent in this place.
 B = Non-inter-level travel time spent in this place.
 C = Inter-level travel time spent in this place.
 D = Time resting spent in this place.
 E = Time spent auto-exploring this place.
 F = Levels seen in this place.
 G = Mean time per level.
                   A        B        C        D        E       F      G
               +--------+--------+--------+--------+--------+-----+--------+
         Total |   1542 |   1459 |     83 |     35 |   1256 |   2 |  771.0 |
       Dungeon |   1542 |   1459 |     83 |     35 |   1256 |   2 |  771.0 |
               +--------+--------+--------+--------+--------+-----+--------+

Top non-repeatable levels by time:
     D:1: 1239 daAuts
     D:2: 303 daAuts
